 Dungeon Crawl Stone Soup version 0.29.0-4-gdea44cf6ec (webtiles) character file.

Game seed: 17469707182611089977

5989 qw the Cleaver (level 10, -1/85 (88) HPs)
             Began as a Minotaur Berserker on Sept 10, 2022.
             Was an Elder of Trog.
             Slain by a wight
             ... wielding a +4 halberd
              (2 damage)
             ... on level 9 of the Dungeon.
             The game lasted 00:03:32 (10903 turns).

qw the Cleaver (Minotaur Berserker)                Turns: 10903, Time: 00:03:33

HP:   -1/85 (88)    AC: 13    Str: 26    XL:     10   Next: 55%
MP:   9/9           EV:  6    Int:  4    God:    Trog [****..]
Gold: 437           SH: 12    Dex: 10    Spells: 9/9 levels left

rFire   . . .      SeeInvis .   Y - +3 war axe
rCold   + . .      Faith    .   o - +2 kite shield
rNeg    + . .      Spirit   .   a - +1 plate armour
rPois   .          Reflect  .   (helmet restricted)
rElec   .          Harm     .   (no cloak)
rCorr   .          Rampage  .   (no gloves)
Will    +....                   (no boots)
Stlth   ..........              (no amulet)
HPRegen 0.24/turn               c - ring of willpower
MPRegen 0.11/turn               g - ring of positive energy

@: about to teleport, on berserk cooldown, slowed, lightly drained, very slow
A: horns 2, retaliatory headbutt, cold resistance 1
a: Renounce Religion, Berserk, Trog's Hand, Brothers in Arms


You were on level 9 of the Dungeon.
You worshipped Trog.
Trog was greatly pleased with you.
You visited 1 branch of the dungeon, and saw 9 of its levels.

You collected 437 gold pieces.


Innate Abilities, Weirdness & Mutations

You have a pair of horns on your head.
You reflexively headbutt those who attack you in melee.
Your flesh is cold resistant. (rC+)


   Skills:
 - Level 8.1 Fighting
 + Level 13.7 Axes
 - Level 3.1 Throwing
 - Level 6.3 Armour
 - Level 2.1 Dodging
 - Level 9.0 Shields


You had 9 spell levels left.
You didn't know any spells.
Your spell library was empty.

Inventory:

Hand Weapons
 f - a +0 flail
 Y - a +3 war axe (weapon)
Missiles
 m - 8 javelins (quivered)
Armour
 a - a +1 plate armour (worn)
 o - a +2 kite shield (worn)
Jewellery
 c - a ring of willpower (left hand)
 g - a ring of positive energy (right hand)
Scrolls
 n - a scroll of identify
Potions
 d - a potion of cancellation
 h - a potion of might
 i - 3 potions of mutation
 k - a potion of resistance
 l - 6 potions of curing
 u - a potion of haste

Dungeon Overview and Level Annotations

Branches:
Dungeon (9/15)             Temple (0/1) D:5
   Lair: D:8-11         Orc: D:9-12

Altars:
Ashenzari
Elyvilon
Gozag
Makhleb
Qazlal
Xom
The Shining One

Shops:
D:1 *   D:8 *

Annotations:
D:7 1 runed translucent door, Crazy Yiuf


Message History

The centaur shoots an arrow.
The arrow hits you but does no damage.
10898 ||| DRINKING potion of heal wounds.
You feel much better.
The centaur shoots an arrow.
The arrow hits you but does no damage.
The centaur shoots an arrow.
The arrow hits you.
The centaur unwields a +0 shortbow.
The centaur hits you but does no damage.
The centaur kicks you but does no damage.
The centaur barely misses you. You block the centaur's attack.
Things that are here:
a +1 scimitar of flaming; a +2 robe of positive energy; the human corpse of Erica You slice the centaur!!
You kill the centaur!
Trog accepts your kill.
Your surroundings suddenly seem different.
An ice statue and 4 wights come into view.
A wight is wielding a +2 antimagic war axe.
Found 4 boomerangs, 22 gold pieces, a falchion and a potion of curing.
The ice statue glitters chillingly in the dim dungeon light.
10901 ||| INVOKING Brothers in Arms.
Your ogre goes berserk!
The ice statue gestures.
The wight hits you from afar with a +4 halberd!
You partially resist.
You feel drained.
10902 ||| READING scroll of teleportation.
As you read the scroll of teleportation, it crumbles to dust.
You feel strangely unstable.
Your ogre hits the wight with a +0 giant club!
You block the wight's attack. The ice statue gestures at you.
The shard of ice hits you. You partially resist.
You closely miss the wight.
The wight is severely damaged.
You barely miss the wight.
Your ogre hits the wight with a +0 giant club!!!
The wight is destroyed!
Trog accepts your kill.
The wight hits you from afar with a +4 halberd!
You partially resist.
You feel drained.
You die...

#.##.# ###
..##.# #.#
###.# #!##
##...##
##.(8.)#
##O..Y.#
#.)@..#
#.zz..##
....z...##
.........
$........
##########


You could see an ice statue, an ice beast (summoned), 3 wights and a friendly
ogre (summoned, berserk).

Vanquished Creatures
  Psyche (D:9)
  Sigmund (D:3)
  A wyvern (D:9)
  9 yaks
  Grum (D:9)
  Duvessa (D:5)
  2 water moccasins
  2 black bears
  2 ice beasts
  3 orc warriors
  A sky beast (D:6)
  4 wolves (D:9)
  2 centaurs
  2 kobold brigands
  A necrophage (D:6)
  4 scorpions
  Dowan (D:5)
  5 killer bees (D:9)
  3 howler monkeys
  2 quasits (D:4)
  A hound (D:5)
  A jelly (D:4)
  4 orc priests
  3 iron imps (D:6)
  3 iguanas
  Ijyb (D:3)
  Terence (D:2)
  Natasha (thrice) (D:4)
  13 orc wizards
  4 gnolls (D:4)
  11 adders
  2 shadow imps (D:4)
  6 white imps
  2 ufetubi (D:4)
  6 worms
  4 dart slugs
  27 orcs
  10 bats
  6 endoplasms
  3 giant cockroaches
  6 goblins
  5 hobgoblins
  11 jackals
  5 quokkas
  5 ball pythons
  6 frilled lizards
  24 kobolds
  7 rats
228 creatures vanquished.

Vanquished Creatures (collateral kills)
  A wight (D:9)
1 creature vanquished.

Vanquished Creatures (others)
  Erica (D:9)
  4 demonic plants (D:4)
5 creatures vanquished.

Grand Total: 234 creatures vanquished

Notes
Turn   | Place    | Note
-------+----------+-------------------------------------------
     0 | D:1      | qw the Minotaur Berserker began the quest for the Orb.
     0 | D:1      | Reached XP level 1. HP: 19/19 MP: 0/0
     0 | D:1      | 0 ||| qw: Version: 0.1-a-116-g5d60599
     0 | D:1      | 0 ||| qw: Game counter: 7609
     0 | D:1      | 0 ||| qw: Always use a shield: true
     0 | D:1      | 0 ||| qw: Do Orc after D:15 true
     0 | D:1      | 0 ||| qw: Do second Lair branch before Depths: true
     0 | D:1      | 0 ||| qw: Lair rune preference: random
     0 | D:1      | 0 ||| qw: Plans: Normal
     0 | D:1      | 0 ||| PLANNING D:1-11
   197 | D:1      | Reached skill level 4 in Axes
   285 | D:1      | Found Vuhus's General Store.
   293 | D:1      | 293 ||| SHOPLISTING +0 whip (30 gold, have 11).
   293 | D:1      | 293 ||| SHOPLISTING scroll of identify (24 gold, have 11).
   322 | D:1      | Reached XP level 2. HP: 26/26 MP: 1/1
   334 | D:1      | 334 ||| Stepping ~*~*~tactically~*~*~ (hiding).
   436 | D:1      | 436 ||| Stepping ~*~*~tactically~*~*~ (hiding).
   538 | D:1      | 538 ||| Stepping ~*~*~tactically~*~*~ (hiding).
   640 | D:1      | 640 ||| Stepping ~*~*~tactically~*~*~ (hiding).
   972 | D:1      | Found a faded altar of an unknown god.
  1011 | D:1      | 1011 ||| Stepping ~*~*~tactically~*~*~ (stealth).
  1215 | D:1      | Reached skill level 5 in Axes
  1219 | D:1      | Reached ** piety under Trog
  1339 | D:1      | 1339 ||| UPGRADING to +0 scale mail.
  1349 | D:1      | 1349 ||| DROPPING +0 animal skin.
  1350 | D:1      | 1350 ||| UPGRADING to +0 chain mail.
  1360 | D:1      | 1360 ||| DROPPING +0 scale mail.
  1361 | D:1      | 1361 ||| DROPPING amulet of magic regeneration.
  1362 | D:1      | 1362 ||| READING scroll labelled OJEH NISAIHU.
  1363 | D:1      | 1363 ||| READING scroll labelled HIEVEI QAANODE.
  1364 | D:1      | 1364 ||| DRINKING 2 dark potions.
  1365 | D:1      | 1365 ||| DRINKING 2 fizzy golden potions.
  1365 | D:1      | Gained mutation: Your flesh is cold resistant. (rC+)
                  | [potion of mutation]
  1366 | D:1      | 1366 ||| DROPPING potion of flight.
  1433 | D:2      | Reached XP level 3. HP: 31/31 MP: 2/2
  1503 | D:2      | Found an opulent altar of Gozag.
  1567 | D:2      | 1567 ||| INVOKING Berserk.
  1879 | D:2      | Noticed Terence
  1882 | D:2      | 1882 ||| INVOKING Berserk.
  1884 | D:2      | Killed Terence
  1885 | D:2      | Reached skill level 6 in Axes
  1885 | D:2      | Reached XP level 4. HP: 39/39 MP: 3/3
  2252 | D:2      | 2252 ||| READING scroll labelled MIGIMMASMU.
  2253 | D:2      | 2253 ||| READING 2 scrolls labelled ANKO PA HORE.
  2254 | D:2      | 2254 ||| READING scroll labelled CEIXAC MINN.
  2255 | D:2      | 2255 ||| DRINKING 2 emerald potions.
  2256 | D:2      | 2256 ||| DROPPING scroll of noise.
  2290 | D:3      | Noticed Ijyb
  2291 | D:3      | 2291 ||| STAIRDANCE
  2297 | D:3      | 2297 ||| INVOKING Berserk.
  2301 | D:3      | Killed Ijyb
  2516 | D:3      | 2516 ||| FLEEEEING.
  2517 | D:3      | 2517 ||| FLEEEEING.
  2521 | D:3      | 2521 ||| FLEEEEING.
  2522 | D:3      | 2522 ||| FLEEEEING.
  2523 | D:3      | 2523 ||| FLEEEEING.
  2524 | D:3      | 2524 ||| FLEEEEING.
  2525 | D:3      | 2525 ||| FLEEEEING.
  2531 | D:3      | 2531 ||| FLEEEEING.
  2532 | D:3      | 2532 ||| FLEEEEING.
  2535 | D:3      | 2535 ||| FLEEEEING.
  2536 | D:3      | 2536 ||| FLEEEEING.
  2537 | D:3      | 2537 ||| FLEEEEING.
  2538 | D:3      | 2538 ||| FLEEEEING.
  2539 | D:3      | 2539 ||| FLEEEEING.
  2540 | D:3      | 2540 ||| FLEEEEING.
  2541 | D:3      | 2541 ||| FLEEEEING.
  2542 | D:3      | 2542 ||| FLEEEEING.
  2543 | D:3      | 2543 ||| STAIRDANCE
  2690 | D:3      | 2690 ||| STAIRDANCE
  2723 | D:3      | 2723 ||| Stepping ~*~*~tactically~*~*~ (stealth).
  2770 | D:3      | 2770 ||| FLEEEEING.
  2771 | D:3      | 2771 ||| FLEEEEING.
  2772 | D:3      | 2772 ||| FLEEEEING.
  2776 | D:3      | 2776 ||| FLEEEEING.
  2777 | D:3      | 2777 ||| FLEEEEING.
  2778 | D:3      | 2778 ||| FLEEEEING.
  2779 | D:3      | 2779 ||| STAIRDANCE
  2808 | D:3      | Reached skill level 7 in Axes
  2808 | D:3      | Reached XP level 5. HP: 39/45 MP: 4/4
  2808 | D:3      | 2808 ||| STAIRDANCE
  2997 | D:3      | Noticed Sigmund
  2999 | D:3      | 2999 ||| INVOKING Berserk.
  3004 | D:3      | Killed Sigmund
  3005 | D:3      | Reached XP level 6. HP: 57/57 MP: 5/5
  3354 | D:3      | 3354 ||| DROPPING +0 mace.
  3361 | D:3      | Identified the +5 ring mail of Calculation {Harm rF- Dex+4}
  3783 | D:3      | 3783 ||| UPGRADING to ring of willpower.
  3784 | D:3      | 3784 ||| DRINKING 2 fuming amethyst potions.
  3793 | D:4      | 3793 ||| STAIRDANCE
  3803 | D:4      | Reached *** piety under Trog
  3804 | D:4      | 3804 ||| STAIRDANCE
  3896 | D:4      | 3896 ||| Stepping ~*~*~tactically~*~*~ (stealth).
  3923 | D:4      | 3923 ||| Stepping ~*~*~tactically~*~*~ (stealth).
  3958 | D:4      | Reached skill level 1 in Throwing
  3997 | D:4      | 3997 ||| INVOKING Berserk.
  4021 | D:4      | Reached skill level 8 in Axes
  4021 | D:4      | HP: 12/57 [shadow imp/nerve-wracking pain (6)]
  4022 | D:4      | 4022 ||| DRINKING potion of heal wounds.
  4029 | D:4      | Reached XP level 7. HP: 18/62 MP: 6/6
  4245 | D:4      | Found a stormy altar of Qazlal.
  4255 | D:4      | 4255 ||| SWAPPING to +0 war axe.
  4256 | D:4      | 4256 ||| DROPPING +1 hand axe.
  4777 | D:4      | Noticed Natasha
  4779 | D:4      | 4779 ||| INVOKING Berserk.
  4783 | D:4      | Killed Natasha
  4873 | D:4      | 4873 ||| READING scroll labelled INOQOX OTYIRCH.
  4874 | D:4      | 4874 ||| READING scroll labelled DULINTETTE.
  4879 | D:4      | 4879 ||| READING scroll labelled ZESHRA DASYJOHE.
  4880 | D:4      | 4880 ||| READING scroll labelled SATTED SYTE.
  4881 | D:4      | 4881 ||| DRINKING 2 gluggy blue potions.
  4882 | D:4      | 4882 ||| DRINKING 2 fizzy coppery potions.
  4883 | D:4      | 4883 ||| READING 4 scrolls of identify.
  4883 | D:4      | 4883 ||| IDENTIFYING coppery potion
  4884 | D:4      | 4884 ||| READING 3 scrolls of identify.
  4884 | D:4      | 4884 ||| IDENTIFYING amethyst potion
  4885 | D:4      | 4885 ||| READING 2 scrolls of identify.
  4885 | D:4      | 4885 ||| IDENTIFYING fuming brown potion
  4886 | D:4      | 4886 ||| DROPPING potion of degeneration.
  4887 | D:4      | 4887 ||| DROPPING potion of brilliance.
  4888 | D:4      | 4888 ||| Stepping randomly (stuck).
  4889 | D:4      | 4889 ||| Stepping ~*~*~tactically~*~*~ (cloud).
  5026 | D:5      | Entered Level 5 of the Dungeon
  5032 | D:5      | 5032 ||| Stepping ~*~*~tactically~*~*~ (hiding).
  5035 | D:5      | 5035 ||| Stepping ~*~*~tactically~*~*~ (hiding).
  5039 | D:5      | 5039 ||| INVOKING Berserk.
  5045 | D:5      | Reached skill level 9 in Axes
  5072 | D:5      | 5072 ||| FLEEEEING.
  5073 | D:5      | 5073 ||| FLEEEEING.
  5074 | D:5      | 5074 ||| STAIRDANCE
  5202 | D:5      | Reached skill level 3 in Armour
  5311 | D:5      | 5311 ||| Stepping ~*~*~tactically~*~*~ (hiding).
  5490 | D:5      | Found a white marble altar of Elyvilon.
  5490 | D:5      | Found a glowing golden altar of the Shining One.
  5543 | D:5      | 5543 ||| Stepping ~*~*~tactically~*~*~ (stealth).
  5544 | D:5      | 5544 ||| Stepping ~*~*~tactically~*~*~ (stealth).
  5549 | D:5      | Reached skill level 10 in Axes
  5554 | D:5      | Reached skill level 6 in Fighting
  5554 | D:5      | Reached XP level 8. HP: 70/70 MP: 7/7
  5566 | D:5      | Reached **** piety under Trog
  5592 | D:5      | 5592 ||| FLEEEEING.
  5593 | D:5      | 5593 ||| FLEEEEING.
  5596 | D:5      | 5596 ||| FLEEEEING.
  5640 | D:5      | 5640 ||| FLEEEEING.
  5643 | D:5      | 5643 ||| STAIRDANCE
  5733 | D:4      | Noticed Natasha
  5740 | D:4      | Killed Natasha
  5750 | D:4      | Noticed Natasha
  5761 | D:4      | Killed Natasha
  5840 | D:4      | 5840 ||| UPGRADING to +2 kite shield.
  5845 | D:4      | 5845 ||| UPGRADING to ring of positive energy.
  5846 | D:4      | 5846 ||| READING scroll labelled MUOCSA DETHRO.
  5847 | D:4      | 5847 ||| READING 2 scrolls of identify.
  5847 | D:4      | 5847 ||| IDENTIFYING fuming coppery potion
  5848 | D:4      | 5848 ||| DROPPING potion of magic.
  5857 | D:5      | 5857 ||| Stepping ~*~*~tactically~*~*~ (stealth).
  5864 | D:5      | Reached skill level 1 in Shields
  5903 | D:5      | Found a staircase to the Ecumenical Temple.
  5947 | D:5      | 5947 ||| READING 3 scrolls of enchant weapon.
  5947 | D:5      | 5947 ||| ENCHANTING +0 war axe.
  5948 | D:5      | 5948 ||| READING 2 scrolls of enchant weapon.
  5948 | D:5      | 5948 ||| ENCHANTING +1 war axe.
  5949 | D:5      | 5949 ||| READING scroll of enchant weapon.
  5949 | D:5      | 5949 ||| ENCHANTING +2 war axe.
  6033 | D:5      | Noticed Dowan
  6034 | D:5      | 6034 ||| Stepping ~*~*~tactically~*~*~ (hiding).
  6035 | D:5      | Noticed Duvessa
  6037 | D:5      | 6037 ||| INVOKING Berserk.
  6039 | D:5      | Killed Dowan
  6048 | D:5      | Killed Duvessa
  6049 | D:5      | Reached skill level 3 in Shields
  6178 | D:5      | Found a shimmering altar of Xom.
  6269 | D:6      | 6269 ||| Stepping ~*~*~tactically~*~*~ (stealth).
  6342 | D:6      | Reached skill level 6 in Shields
  6344 | D:6      | 6344 ||| INVOKING Berserk.
  6349 | D:6      | Reached XP level 9. HP: 44/75 MP: 8/8
  6351 | D:6      | Reached skill level 11 in Axes
  6584 | D:6      | 6584 ||| Stepping ~*~*~tactically~*~*~ (stealth).
  6609 | D:6      | Found a broken altar of Ashenzari.
  7134 | D:6      | Found a burning altar of Makhleb.
  7171 | D:6      | 7171 ||| FLEEEEING.
  7172 | D:6      | 7172 ||| FLEEEEING.
  7173 | D:6      | 7173 ||| FLEEEEING.
  7174 | D:6      | 7174 ||| FLEEEEING.
  7175 | D:6      | 7175 ||| FLEEEEING.
  7176 | D:6      | 7176 ||| FLEEEEING.
  7177 | D:6      | 7177 ||| FLEEEEING.
  7178 | D:6      | 7178 ||| FLEEEEING.
  7179 | D:6      | 7179 ||| FLEEEEING.
  7180 | D:6      | 7180 ||| FLEEEEING.
  7181 | D:6      | 7181 ||| FLEEEEING.
  7182 | D:6      | 7182 ||| FLEEEEING.
  7183 | D:6      | 7183 ||| FLEEEEING.
  7184 | D:6      | 7184 ||| FLEEEEING.
  7185 | D:6      | 7185 ||| FLEEEEING.
  7186 | D:6      | 7186 ||| FLEEEEING.
  7187 | D:6      | 7187 ||| FLEEEEING.
  7188 | D:6      | 7188 ||| FLEEEEING.
  7189 | D:6      | 7189 ||| FLEEEEING.
  7190 | D:6      | 7190 ||| FLEEEEING.
  7191 | D:6      | 7191 ||| FLEEEEING.
  7195 | D:6      | 7195 ||| STAIRDANCE
  7234 | D:5      | 7234 ||| READING scroll labelled LIEM LISCHEPSO.
  7235 | D:5      | 7235 ||| READING scroll labelled AXYCHY HAUKLAL.
  7521 | D:7      | 7521 ||| INVOKING Berserk.
  7532 | D:7      | Reached skill level 12 in Axes
  7564 | D:7      | 7564 ||| FLEEEEING.
  7575 | D:7      | 7575 ||| INVOKING Berserk.
  8162 | D:7      | 8162 ||| INVOKING Berserk.
  8309 | D:7      | 8309 ||| Stepping ~*~*~tactically~*~*~ (stealth).
  8321 | D:7      | Reached skill level 9 in Shields
  8324 | D:7      | 8324 ||| FLEEEEING.
  8325 | D:7      | 8325 ||| FLEEEEING.
  8326 | D:7      | 8326 ||| FLEEEEING.
  8327 | D:7      | 8327 ||| FLEEEEING.
  8328 | D:7      | 8328 ||| FLEEEEING.
  8329 | D:7      | 8329 ||| FLEEEEING.
  8330 | D:7      | 8330 ||| FLEEEEING.
  8333 | D:7      | 8333 ||| FLEEEEING.
  8334 | D:7      | 8334 ||| FLEEEEING.
  8335 | D:7      | 8335 ||| FLEEEEING.
  8336 | D:7      | 8336 ||| FLEEEEING.
  8337 | D:7      | 8337 ||| FLEEEEING.
  8338 | D:7      | 8338 ||| FLEEEEING.
  8339 | D:7      | 8339 ||| FLEEEEING.
  8340 | D:7      | 8340 ||| FLEEEEING.
  8341 | D:7      | 8341 ||| FLEEEEING.
  8347 | D:7      | 8347 ||| FLEEEEING.
  8348 | D:7      | 8348 ||| FLEEEEING.
  8349 | D:7      | 8349 ||| FLEEEEING.
  8350 | D:7      | 8350 ||| FLEEEEING.
  8351 | D:7      | 8351 ||| FLEEEEING.
  8352 | D:7      | 8352 ||| FLEEEEING.
  8353 | D:7      | 8353 ||| FLEEEEING.
  8354 | D:7      | 8354 ||| FLEEEEING.
  8355 | D:7      | 8355 ||| FLEEEEING.
  8356 | D:7      | 8356 ||| FLEEEEING.
  8357 | D:7      | 8357 ||| FLEEEEING.
  8358 | D:7      | 8358 ||| FLEEEEING.
  8359 | D:7      | 8359 ||| FLEEEEING.
  8360 | D:7      | 8360 ||| FLEEEEING.
  8361 | D:7      | 8361 ||| FLEEEEING.
  8362 | D:7      | 8362 ||| FLEEEEING.
  8657 | D:7      | Found a runed translucent door.
  8658 | D:7      | Noticed Crazy Yiuf
  8661 | D:7      | 8661 ||| READING 2 scrolls of identify.
  8661 | D:7      | 8661 ||| IDENTIFYING golden potion
  8662 | D:7      | 8662 ||| DROPPING potion of berserk rage.
  8734 | D:8      | Found Uckis's Elemental Accessories.
  8762 | D:8      | 8762 ||| Stepping ~*~*~tactically~*~*~ (hiding).
  8771 | D:8      | 8771 ||| Stepping ~*~*~tactically~*~*~ (stealth).
  8773 | D:8      | 8773 ||| Stepping ~*~*~tactically~*~*~ (hiding).
  8781 | D:8      | 8781 ||| Stepping ~*~*~tactically~*~*~ (stealth).
  8802 | D:8      | Reached XP level 10. HP: 44/86 MP: 9/9
  9037 | D:8      | 9037 ||| Stepping ~*~*~tactically~*~*~ (stealth).
  9039 | D:8      | 9039 ||| Stepping ~*~*~tactically~*~*~ (hiding).
  9040 | D:8      | 9040 ||| Stepping ~*~*~tactically~*~*~ (hiding).
  9046 | D:8      | Reached skill level 13 in Axes
  9058 | D:8      | 9058 ||| FLEEEEING.
  9059 | D:8      | 9059 ||| FLEEEEING.
  9060 | D:8      | 9060 ||| FLEEEEING.
  9061 | D:8      | 9061 ||| FLEEEEING.
  9066 | D:8      | 9066 ||| FLEEEEING.
  9067 | D:8      | 9067 ||| FLEEEEING.
  9068 | D:8      | 9068 ||| FLEEEEING.
  9069 | D:8      | 9069 ||| FLEEEEING.
  9076 | D:8      | 9076 ||| FLEEEEING.
  9077 | D:8      | 9077 ||| FLEEEEING.
  9078 | D:8      | 9078 ||| FLEEEEING.
  9079 | D:8      | 9079 ||| FLEEEEING.
  9080 | D:8      | 9080 ||| FLEEEEING.
  9081 | D:8      | 9081 ||| FLEEEEING.
  9082 | D:8      | 9082 ||| FLEEEEING.
  9083 | D:8      | 9083 ||| FLEEEEING.
  9084 | D:8      | 9084 ||| FLEEEEING.
  9085 | D:8      | 9085 ||| STAIRDANCE
  9335 | D:8      | 9335 ||| Stepping ~*~*~tactically~*~*~ (stealth).
  9345 | D:8      | Reached skill level 3 in Throwing
  9345 | D:8      | 9345 ||| FLEEEEING.
  9346 | D:8      | 9346 ||| FLEEEEING.
  9347 | D:8      | 9347 ||| STAIRDANCE
  9470 | D:8      | 9470 ||| STAIRDANCE
  9544 | D:8      | 9544 ||| INVOKING Berserk.
  9552 | D:8      | 9552 ||| FLEEEEING.
  9553 | D:8      | 9553 ||| FLEEEEING.
  9554 | D:8      | 9554 ||| FLEEEEING.
  9556 | D:8      | 9556 ||| STAIRDANCE
  9873 | D:8      | 9873 ||| Stepping ~*~*~tactically~*~*~ (hiding).
 10032 | D:8      | 10032 ||| Stepping ~*~*~tactically~*~*~ (stealth).
 10185 | D:8      | 10185 ||| UPGRADING to +0 plate armour.
 10195 | D:8      | 10195 ||| DROPPING +5 ring mail of Calculation {Harm rF-
                  | Dex+4}.
 10196 | D:8      | 10196 ||| DROPPING +0 chain mail.
 10197 | D:8      | 10197 ||| READING scroll of enchant armour.
 10197 | D:8      | 10197 ||| ENCHANTING +0 plate armour.
 10343 | D:9      | 10343 ||| Stepping ~*~*~tactically~*~*~ (hiding).
 10344 | D:9      | 10344 ||| Stepping ~*~*~tactically~*~*~ (hiding).
 10345 | D:9      | 10345 ||| Stepping ~*~*~tactically~*~*~ (hiding).
 10355 | D:9      | 10355 ||| INVOKING Berserk.
 10433 | D:9      | Noticed Psyche
 10438 | D:9      | 10438 ||| INVOKING Berserk.
 10441 | D:9      | Killed Psyche
 10442 | D:9      | Reached skill level 6 in Armour
 10564 | D:9      | Noticed Grum
 10565 | D:9      | 10565 ||| Stepping ~*~*~tactically~*~*~ (stealth).
 10571 | D:9      | 10571 ||| INVOKING Berserk.
 10591 | D:9      | Killed Grum
 10875 | D:9      | Noticed Erica
 10891 | D:9      | 10891 ||| INVOKING Berserk.
 10892 | D:9      | HP: 23/132 [something/lance of force (12)]
 10895 | D:9      | HP: 10/132 [something (14)]
 10896 | D:9      | Killed Erica
 10897 | D:9      | 10897 ||| READING 2 scrolls of teleportation.
 10898 | D:9      | 10898 ||| DRINKING potion of heal wounds.
 10900 | D:9      | Noticed an ice statue
 10901 | D:9      | 10901 ||| INVOKING Brothers in Arms.
 10901 | D:9      | HP: 17/88 [wight/+4 halberd (9)]
 10902 | D:9      | 10902 ||| READING scroll of teleportation.
 10903 | D:9      | HP: 1/87 [wight/+4 halberd (12)]
 10903 | D:9      | Slain by a wight

Levels and vault maps discovered:
D:1:      erik_arrival_orb_chamber, layout_basic, serial_shops, shop,
          shapermc_ecumenical_altar_ellora
D:2:      layout_rooms, basic_altar, patterned_corridor, uniq_terence
D:3:      layout_loops_ring, chequers_serial_rivers_micro_b,
          minmay_fractal_squares_gapless_5, uniq_sigmund, uniq_ijyb
D:4:      layout_gridville, lemuel_doored_altar, serial_demonic,
          serial_demonic_g, serial_demonic_e, serial_demonic_b,
          serial_demonic_a, minmay_misc_feat_more_columns, uniq_natasha
D:5:      layout_rooms, gammafunk_temple_overflow_elements,
          lemuel_coloured_pillars_altar, minmay_temple_entry_proselytizer,
          uniq_duvessa
D:6:      layout_basic, demons_altar, nicolae_overflow_hidden_temple,
          serial_rivers, chequers_serial_rivers_micro_b,
          chequers_serial_rivers_micro_e, chequers_serial_rivers_micro_b,
          chequers_serial_rivers_marsh, chequers_serial_rivers_marsh,
          chequers_serial_rivers_micro_e
D:7:      layout_basic, uniq_crazy_yiuf_cottage
D:8:      layout_cave_pools, nicolae_elemental_shop
D:9:      minmay_separated_statues, layout_loops_ring,
          mainiacjoe_overflow_catwalk, minmay_misc_feat_ornament, uniq_erica,
          uniq_psyche, uniq_grum, uniq_harold

Skill      XL: |  1  2  3  4  5  6  7  8  9 10 |
---------------+-------------------------------+-----
Axes           | 4 5 6 7 8 10 12 13 | 13.7
Fighting       | 5 6 7 8 |  8.1
Throwing       | 1 2 3 |  3.1
Armour         | 3 4 6 |  6.3
Shields        | 7 9 |  9.0
Dodging        | |  2.1

Action                   |  1- 3 |  4- 6 |  7- 9 | 10-12 || total
-------------------------+-------+-------+-------+-------++-------
Melee: Hand axe          |    77 |   142 |     1 |       ||   220
       Headbutt          |    15 |    15 |    44 |    15 ||    89
       War axe           |       |       |   217 |    97 ||   314
Throw: Javelin           |       |    12 |    46 |    17 ||    75
Invok: Berserk           |     2 |     3 |     7 |     5 ||    17
       Brothers in Arms  |       |       |       |     1 ||     1
  Use: Scroll            |     2 |     3 |    15 |     3 ||    23
       Potion            |     2 |     3 |     2 |     1 ||     8
Armor: Animal skin       |     9 |       |       |       ||     9
       Chain mail        |     9 |   108 |    60 |    16 ||   193
       Plate armour      |       |       |       |    32 ||    32
Dodge: Dodged            |    29 |    94 |    57 |    15 ||   195
Block: Kite shield       |       |       |    61 |    74 ||   135

Table legend:
 A = Non-vault XP
 B = Vault XP
 C = Vault XP percentage of total XP
 D = Non-vault monster count
 E = Vault monster count
 F = Vault count percentage of total count
                 A         B        C        D         E       F
            +---------+---------+-------+---------+---------+-------
      Total |    6153 |    2476 |  28.7 |     202 |      28 |  12.2
            +---------+---------+-------+---------+---------+-------
        D:1 |      39 |       0 |   0.0 |      26 |       0 |   0.0
        D:2 |      63 |      36 |  36.4 |      25 |       1 |   3.8
        D:3 |      91 |     264 |  74.4 |      21 |       5 |  19.2
        D:4 |     270 |     194 |  41.8 |      28 |      10 |  26.3
        D:5 |     734 |     214 |  22.6 |      23 |       2 |   8.0
        D:6 |    1585 |     117 |   6.9 |      14 |       3 |  17.6
        D:7 |    1124 |       0 |   0.0 |      26 |       0 |   0.0
        D:8 |    1388 |       0 |   0.0 |      28 |       0 |   0.0
        D:9 |     859 |    1651 |  65.8 |      11 |       7 |  38.9
            +---------+---------+-------+---------+---------+-------
